 Dungeon Crawl Stone Soup version 0.31-a0-836-g3ceb0a68c4 (webtiles) character file.

Game seed: 18412603533217362435

155 IdlyInterested the Cutter (level 5, -1/57 HPs)
             Began as a Demonspawn Brigand on Sept 26, 2023.
             Slain by Blork the orc
             ... wielding a +0 dire flail
              (9 damage)
             ... on level 4 of the Dungeon.
             The game lasted 00:06:32 (2991 turns).

IdlyInterested the Cutter (Demonspawn Brigand)      Turns: 2991, Time: 00:06:32

Health: -1/57      AC:  9    Str:  9 (11) XL:     5   Next: 14%
Magic:  0/5        EV:  8    Int: 15 (16) God:
Gold:   201        SH:  0    Dex: 12 (15) Spells: 4/4 levels left

rFire   . . .        a - +2 dagger
rCold   . . .        (no shield)
rNeg    . . .        A - +0 scale mail
rPois   +            t - +0 helmet
rElec   .            c - +0 cloak
rCorr   .            y - +0 pair of gloves of the Tundras {-Tele rPois Int+2}
SInv    .            (no boots)
Will    .....        s - amulet of guardian spirit Stlth
                     (no ring)
HPRegen 0.29/turn    (no ring)
MPRegen 0.09/turn

%: no teleportation, guardian spirit
@: berserking, very quick
A: powered by pain 1
a: no special abilities


You were on level 4 of the Dungeon.
You visited 1 branch of the dungeon, and saw 4 of its levels.

You collected 201 gold pieces.

Inventory:

Hand Weapons
 a - a +2 dagger (weapon)
 n - a +0 short sword
Missiles
 d - 8 poisoned darts (quivered)
 e - 3 curare-tipped darts
 f - 45 stones
Armour
 b - a +0 robe
 c - a +0 cloak (worn)
 k - a +0 ring mail
 t - a +0 helmet (worn)
 u - a +0 leather armour
 y - the +0 pair of gloves of the Tundras (worn) {-Tele rPois Int+2}
   (You found it on level 3 of the Dungeon)

   Int+2:     It affects your intelligence (+2).
   rPois:     It protects you from poison -Tele: It prevents most forms of
   teleportation.
 A - a +0 scale mail (worn)
Jewellery
 s - an amulet of guardian spirit (around neck)
 w - an amulet of magic regeneration
Talismans
 p - a maw talisman
Wands
 z - a wand of iceblast (4)
Scrolls
 g - a scroll of revelation {unknown}
 h - a scroll of amnesia {unknown}
 l - 2 scrolls of teleportation {unknown}
 q - a scroll of identify {unknown}
 v - a scroll of enchant weapon {unknown}
 B - a scroll of fog {unknown}
Potions
 i - a potion of might {unknown}
 j - 2 potions of brilliance
 m - a potion of lignification {unknown}
 x - a potion of heal wounds {unknown}


   Skills:
 - Level 2.0 Fighting
 + Level 4.9 Short Blades
 - Level 1.7 Throwing
 - Level 0.8 Dodging
 - Level 3.6 Stealth


You had 4 spell levels left.
You didn't know any spells.
Your spell library contained the following spells:

 Spells                   Type           Power      Damage    Failure   Level
 Dazzling Flash           Conj/Hex       0%         N/A       100%        3
 Inner Flame              Hex/Fire       0%         N/A       100%        3
 Mephitic Cloud           Conj/Pois/Air  0%         N/A       100%        3
 Anguish                  Hex/Necr       0%         N/A       100%        4
 Flame Wave               Conj/Fire      0%         2d4       100%        4
 Sticky Flame             Conj/Fire      0%         2d3       100%        4
 Discord                  Hex            0%         N/A       100%        8


Dungeon Overview and Level Annotations

Branches:
Dungeon (4/15)
 Temple: D:4-7

Altars:

Annotations:
D:4 Blork the orc


Innate Abilities, Weirdness & Mutations

You sometimes gain a little power by taking damage.


Message History

Blork the orc is moderately wounded.
Blork the orc gestures at you while chanting.
The magic dart hits you.
You hit Blork the orc but do no damage.
Blork the orc is moderately wounded.
Blork the orc closely misses you.
You barely miss Blork the orc.
Blork the orc is moderately wounded.
Blork the orc hits you with a +0 dire flail.
You hit Blork the orc but do no damage.
Blork the orc is moderately wounded.
Blork the orc hits you with a +0 dire flail.
You hit Blork the orc.
Blork the orc is moderately wounded.
Blork the orc barely misses you.
You hit Blork the orc but do no damage.
Blork the orc is moderately wounded.
Blork the orc hits you with a +0 dire flail. x2
* * * LOW HITPOINT WARNING * * *
You barely miss Blork the orc.
Blork the orc is moderately wounded.
Blork the orc hits you with a +0 dire flail.
* * * LOW HITPOINT WARNING * * *
A red film seems to cover your vision as you go berserk!
You feel yourself moving faster!
You feel mighty! Blork the orc closely misses you.
You closely miss Blork the orc.
Blork the orc is moderately wounded.
Blork the orc hits you with a +0 dire flail.
* * * LOW HITPOINT WARNING * * *
You puncture Blork the orc!
Blork the orc is severely wounded.
You hit Blork the orc.
Blork the orc is severely wounded.
Blork the orc hits you with a +0 dire flail!
* * * LOW HITPOINT WARNING * * *
You closely miss Blork the orc.
Blork the orc is severely wounded.
Blork the orc hits you with a +0 dire flail!
You die...

### ..# #.# #.#
#######.#######
#...@oh........
#.#####<######
# # #.# # #h#
#... #.# #..#
..... ..# #.##
.... ### #. .
... # #: ###.#
#.


You could see Blork the orc (fast) and a black bear.

Vanquished Creatures
  An orc priest (D:3)
  A sleepcap (D:4)
  Terence (D:3)
  An adder (D:2)
  3 dart slugs
  2 orcs (D:3)
  9 ball pythons
  8 bats
  6 endoplasms
  2 giant cockroaches (D:2)
  2 goblins
  3 hobgoblins
  3 quokkas
  10 kobolds
  6 rats
58 creatures vanquished.

Notes
Turn   | Place    | Note
-------+----------+-------------------------------------------
     0 | D:1      | IdlyInterested the Demonspawn Brigand began the quest for
                  | the Orb.
     0 | D:1      | Reached XP level 1. HP: 16/16 MP: 1/1
    83 | D:1      | Reached skill level 2 in Short Blades
   176 | D:1      | Gained mutation: You sometimes gain a little power by
                  | taking damage. [demonic ancestry]
   176 | D:1      | Reached XP level 2. HP: 18/22 MP: 2/2
   624 | D:1      | Reached skill level 3 in Short Blades
  1106 | D:2      | Reached XP level 3. HP: 27/27 MP: 3/3
  1180 | D:2      | You fall into a shaft and drop 2 floors!
  1342 | D:3      | Reached XP level 4. HP: 32/33 MP: 2/4
  1370 | D:3      | Reached skill level 4 in Short Blades
  1594 | D:3      | Identified the +0 pair of gloves of the Tundras {-Tele
                  | rPois Int+2}
  1748 | D:3      | Noticed Terence
  1774 | D:3      | Killed Terence
  1973 | D:2      | Reached XP level 5. HP: 32/38 MP: 3/5
  2923 | D:4      | Got a sooty book
  2968 | D:4      | Noticed Blork the orc
  2968 | D:4      | Noticed a black bear
  2991 | D:4      | Slain by Blork the orc

Illustrated notes

Levels and vault maps discovered:
D:1:      dpeg_arrival_fog, layout_loops_cross, patterned_corridor
D:2:      layout_basic
D:3:      layout_loops_ring, amcnicky_mini_rare_corridor_liquid, moated_statue,
          uniq_terence
D:4:      cheibrodos_quashed, layout_loops_ring, nicolae_overflow_hidden_temple,
          nrook_mini_vaults, uniq_menkaure, uniq_blork_the_orc, uniq_edmund

Skill      XL: |  1  2  3  4 |
---------------+-------------+-----
Short Blades   | 2 3 4 |  4.9
Fighting       | |  2.0
Throwing       | |  1.7
Dodging        | |  0.8
Stealth        | |  3.6

Action                     |  1- 3 |  4- 6 || total
---------------------------+-------+-------++-------
  Melee: Dagger            |   109 |   136 ||   245
         Punch             |     3 |       ||     3
  Throw: Dart              |     6 |     2 ||     8
    Use: Potion            |     1 |     3 ||     4
   Stab: Sleeping          |     7 |     2 ||     9
 Armour: Robe              |     8 |       ||     8
         Ring mail         |    54 |    22 ||    76
         Scale mail        |       |    49 ||    49
  Dodge: Dodged            |    34 |    52 ||    86

Table legend: (Time is in decaauts)
 A = Elapsed time spent in this place.
 B = Non-inter-level travel time spent in this place.
 C = Inter-level travel time spent in this place.
 D = Time resting spent in this place.
 E = Time spent auto-exploring this place.
 F = Levels seen in this place.
 G = Mean time per level.
                   A        B        C        D        E       F      G
               +--------+--------+--------+--------+--------+-----+--------+
         Total |   2956 |   2675 |    281 |    367 |   1551 |   4 |  739.0 |
       Dungeon |   2956 |   2675 |    281 |    367 |   1551 |   4 |  739.0 |
               +--------+--------+--------+--------+--------+-----+--------+

Top non-repeatable levels by time:
     D:3: 1044 daAuts
     D:1: 929 daAuts
     D:2: 811 daAuts
     D:4: 171 daAuts
